 Dungeon Crawl Stone Soup version 0.21-a0-538-gd16b88a (console) character file.

217327 stickyfingers the Spry (level 19, -1/157 HPs)
             Began as a Human Summoner on Dec 16, 2017.
             Was the Champion of Fedhas.
             Slain by a naga warrior
             ... wielding a +0 long sword
              (6 damage)
             ... on level 4 of the Snake Pit.
             The game lasted 04:03:48 (49425 turns).

stickyfingers the Spry (Human Summoner)            Turns: 49425, Time: 04:03:49

Health: -1/157     AC: 28    Str: 14    XL:     19   Next: 82%
Magic:  0/25       EV: 21    Int: 22    God:    Fedhas [******]
Gold:   2728       SH:  6    Dex: 19    Spells: 5/26 levels left

rFire    . . .     SeeInvis .   a - +7 quick blade (freeze)
rCold    . . .     Gourm    .   t - +0 buckler
rNeg     . . .     Faith    .   V - +2 ring mail {MR+}
rPois    +         Spirit   +   z - +2 helmet {Int+3}
rElec    .         Reflect  .   o - +2 cloak {+Inv}
rCorr    .         Harm     .   J - +2 pair of gloves
MR       ++...                  f - +2 pair of boots
Stlth    ++++......             h - amulet "Buwyraibb" {Spirit Str+6}
HPRegen  1.36/turn              I - +3 ring of protection
MPRegen  0.19/turn              e - ring of poison resistance

@: lethally poisoned (-1 -> -1), regenerating, constricted
A: no striking features
}: 1/15 runes: barnacled
a: Fungal Bloom, Evolution, Sunlight, Growth, Reproduction, Rain, Renounce
Religion, Evoke Invisibility


You were on level 4 of the Snake Pit.
You worshipped Fedhas.
Fedhas was exalted by your worship.
You were not hungry.

You visited 5 branches of the dungeon, and saw 31 of its levels.
You also visited: Trove and Volcano.

You collected 3239 gold pieces.
You spent 511 gold pieces at shops.

Inventory:

Hand Weapons
 a - a +7 quick blade of freezing (weapon)
   (You found it on level 9 of the Dungeon)
 b - a +1 fustibalus of freezing
   (You found it on level 3 of the Shoals)
 c - a +0 blowgun
   (You took it off Sonja on level 2 of the Orcish Mines)
 r - a +2 lajatang of pain
   (You took it off Agnes on level 3 of the Snake Pit)
 K - the +9 hand crossbow "Teurhat" {elec, Int+3 Dex+3, unknown}
   (You found it on level 4 of the Snake Pit)

   It charges the ammunition it shoots with electricity; occasionally upon a
   hit, such missiles may discharge and cause terrible harm.
   It affects your intelligence (+3).
   It affects your dexterity (+3).
Missiles
 i - 9 throwing nets
 m - 1304 stones (quivered)
 H - 5 curare-tipped needles
Armour
 f - a +2 pair of boots (worn)
   (You found it on level 13 of the Dungeon)
 o - a +2 cloak of invisibility (worn)
   (You took it off Crazy Yiuf on level 6 of the Dungeon)
 t - a +0 buckler (worn)
   (You found it on level 2 of the Lair of Beasts)
 z - a +2 helmet of intelligence (worn)
   (You found it on level 1 of the Snake Pit)
 J - a +2 pair of gloves (worn)
   (You found it on level 14 of the Dungeon)
 V - a +2 ring mail of magic resistance (worn)
   (You took it off Duvessa on level 7 of the Dungeon)
Jewellery
 e - a ring of poison resistance (right hand)
   (You bought it in a shop on level 2 of the Orcish Mines)
 h - the amulet "Buwyraibb" (around neck) {Spirit Str+6}
   (You found it in a treasure trove)

   [amulet of guardian spirit]

   It causes incoming damage to be split between your health and magic.
   It affects your strength (+6).
 j - a +6 ring of dexterity
   (You found it on level 15 of the Dungeon)
 l - an uncursed ring of see invisible
   (You found it on level 1 of the Dungeon)
 n - an uncursed ring of positive energy
   (You found it on level 1 of the Dungeon)
 s - an uncursed ring of flight
   (You took it off an orc wizard on level 11 of the Dungeon)
 I - a +3 ring of protection (left hand)
   (You found it on level 3 of the Dungeon)
 L - an uncursed ring of fire
   (You found it on level 6 of the Dungeon)
 O - an uncursed ring of protection from cold
   (You found it on level 4 of the Dungeon)
Wands
 g - a wand of flame (131)
   (You found it on level 1 of the Lair of Beasts)
 D - a wand of iceblast (43)
   (You found it on level 4 of the Lair of Beasts)
 F - a wand of paralysis (77)
   (You found it on level 6 of the Dungeon)
 X - a wand of digging (10)
   (You found it on level 8 of the Dungeon)
Scrolls
 y - 8 scrolls of fog
 A - 13 scrolls of teleportation
 B - 5 scrolls of fear
 C - 5 scrolls of magic mapping
 M - 8 scrolls of remove curse
 N - 9 scrolls of blinking
 R - 2 scrolls of summoning
Potions
 d - a potion of cancellation
 k - a potion of brilliance
 p - 3 potions of agility
 u - 6 potions of haste
 v - 10 potions of curing
 w - a potion of resistance
 x - 5 potions of might
 S - 5 potions of berserk rage
Miscellaneous
 q - a phial of floods
   (You found it on level 6 of the Lair of Beasts)
 T - a sack of spiders
 U - a lamp of fire
   (You found it on level 5 of the Lair of Beasts)
Comestibles
 E - 7 bread rations
 Q - 18 fruits {!e}


   Skills:
 - Level 16.2 Fighting
 - Level 8.0 Short Blades
 - Level 15.9 Armour
 - Level 16.6 Dodging
 - Level 10.0 Stealth
 - Level 4.0 Shields
 + Level 4.4 Spellcasting
 - Level 8.0 Hexes
 - Level 6.0 Charms
 - Level 5.0 Summonings
 - Level 6.0 Necromancy
 - Level 6.0 Translocations
 - Level 7.3 Invocations
 - Level 5.0 Evocations


You had 5 spell levels left.
You knew the following spells:

 Your Spells              Type           Power        Failure   Level  Hunger
b - Spectral Weapon       Hex/Chrm       #####...     3%          3    ##.....
e - Confuse               Hex            #####...     1%          3    ##.....
f - Call Canine Familiar  Summ           ####....     7%          3    ##.....
g - Shroud of Golubria    Chrm/Tloc      ####......   2%          2    #......
r - Regeneration          Chrm/Necr      ####......   4%          3    ##.....
s - Call Imp              Summ           ####....     3%          2    #......
z - Summon Small Mammal   Summ           ####         2%          1    None
B - Blink                 Tloc           N/A          2%          2    #......
N - Song of Slaying       Chrm           ####....     2%          2    #......


Dungeon Overview and Level Annotations

Branches:
Dungeon (15/15)            Temple (0/1) D:5            Lair (6/6) D:10
 Shoals (4/4) Lair:2        Snake (4/4) Lair:4        Slime (0/5) Lair:6
    Orc (2/2) D:12            Elf (0/3) Orc:2        Vaults (0/5) D:13
 Depths (0/5) D:15

Altars:
Ashenzari
Cheibriados
Elyvilon
Fedhas
Kikubaaqudgha
Makhleb
Nemelex Xobeh
Okawaru
Qazlal
Ru
Trog
Vehumet
Xom
Yredelemnul
Zin
The Shining One
Beogh
Jiyva

Shops:
D:6 (*   Orc:2 :%=%

Annotations:
Lair:6 1 runed door


Message History

The guardian serpent coils itself and performs some mystic snake dance.
The guardian serpent blinks!
The naga warrior blinks!
The guardian serpent hits you!
The guardian serpent closely misses you.
You block the naga warrior's attack. The naga warrior grabs you.
The naga warrior constricts you.
You hit the guardian serpent. You freeze the guardian serpent.
The guardian serpent is lightly wounded.
You hit the guardian serpent. You freeze the guardian serpent.
The guardian serpent is moderately wounded.
You feel sick.
You block the guardian serpent's attack.
You hit the guardian serpent. You freeze the guardian serpent.
The guardian serpent is moderately wounded.
You hit the guardian serpent. You freeze the guardian serpent.
The guardian serpent is moderately wounded.
You feel sick. The guardian serpent hits you.
The naga warrior spits poison at you. You block the splash of poison.
The naga warrior constricts you.
You puncture the guardian serpent! You freeze the guardian serpent.
The guardian serpent is severely wounded.
You hit the guardian serpent. You freeze the guardian serpent.
The guardian serpent is severely wounded.
You feel sick.
You hit the guardian serpent. You freeze the guardian serpent.
The guardian serpent is almost dead.
The guardian serpent barely misses you.
The guardian serpent coils itself and performs some mystic snake dance.
You puncture the guardian serpent! You freeze the guardian serpent.
You kill the guardian serpent!
You feel sick.
The naga warrior hits you but does no damage.
The naga warrior constricts you.
You are too injured to fight recklessly!
You are too injured to fight recklessly!
You are too injured to fight recklessly!
You hit the naga warrior. You freeze the naga warrior.
The naga warrior is lightly wounded.
You hit the naga warrior but do no damage.
The naga warrior is lightly wounded.
You feel sick. The naga mage completely misses you.
You hit the naga warrior. You freeze the naga warrior.
The naga warrior is lightly wounded.
The guardian serpent casts a spell.
The naga blinks!
You hit the naga warrior. You freeze the naga warrior.
The naga warrior is lightly wounded.
The naga warrior hits you with a long sword!
* * * LOW HITPOINT WARNING * * *
The naga warrior constricts you.
You hit the naga. You freeze the naga.
The naga is heavily wounded.
You feel sick.
The naga mage hits you but does no damage.
You hit the naga but do no damage.
The naga is heavily wounded.
You puncture the naga! You freeze the naga.
The naga is almost dead.
You feel sick. The naga closely misses you.
The naga mage hits you but does no damage.
You hit the naga. You freeze the naga.
You kill the naga!
The guardian serpent casts a spell at you.
The bolt of poison hits the naga warrior.
The bolt of poison hits you! You resist.
* * * LOW HITPOINT WARNING * * *
You block the naga warrior's attack.
* * * LOW HITPOINT WARNING * * *
The naga warrior constricts you.
You escape the naga warrior's grasp.
You feel sick.
Things that are here:
a short sword; a naga corpse
Casting: Blink
Confirm with . or Enter, or press ? or * to list all spells.
Your skin crawls.
You feel sick.
You hit the naga warrior. You freeze the naga warrior.
The naga warrior is moderately wounded.
You feel sick.
You closely miss the naga warrior.
The naga warrior is moderately wounded.
You hit the naga warrior. You freeze the naga warrior.
The naga warrior is moderately wounded.
You hit the naga warrior. You freeze the naga warrior.
The naga warrior is moderately wounded.
You feel sick.
The naga warrior hits you but does no damage.
The naga warrior grabs you.
* * * LOW HITPOINT WARNING * * *
The naga warrior constricts you.
You closely miss the naga. You puncture the naga! You freeze the naga.
The naga is heavily wounded.
You closely miss the naga.
The naga is heavily wounded.
You feel sick.
You puncture the naga! You freeze the naga.
The naga is severely wounded.
The naga warrior hits you with a long sword!!
* * * LOW HITPOINT WARNING * * *
You die...
Fedhas appreciates your contribution to the ecosystem.

)..############.<..........
..............([(........#
..........<..(..)......###
............###.........#
##......NS.####.........## #.
#.......S.# #...........##..#
#.=###.NS## ###S............#
#.###.S.## #SN§..........#
####....# ##.SSN.........#
##....## #N##...........#
##...... ##@#.#.#.#.#.#.#
##....#.. #.N.S.........#
#.§.§###. #.#.#.#.#.#.#.#
...N§N#.. #.............#
...#.S..$.. ##÷#.#.#.#.#.#.#
.(###..(... ##..............#
...# ..$....##...#.#.#.#.#.#.#
#....$..##.((................#
##..S...###..§.#.#.#P#P#.#.#.#
....... #...###....PP......#
...##......###.#.#.#P#.#.#.#


You could see a naga warrior, a guardian serpent and a naga.

Vanquished Creatures
  Mara (Shoals:4)
  Vashnia (Snake:3)
  Agnes (Snake:3)
  Kirke (Lair:6)
  4 nagarajas (Snake:2)
  Ilsuiw (Shoals:4)
  A fire giant (D:15)
  Louise (Shoals:4)
  An orc warlord (Orc:2)
  An angel (D:3)
  The ghost of Torious the Devastator, an adept DECj of Sif Muna (Shoals:4)
  A stone giant (Shoals:1)
  Nessos (D:13)
  6 merfolk javelineers (Shoals:2 Shoals:4)
  2 ogre magi (D:14 D:15)
  5 merfolk impalers (Shoals:1 Shoals:3 Shoals:4)
  7 vault guards (D:13)
  9 hydras (Lair:4 Lair:5 Lair:6 D:14 D:15)
  9 naga warriors (Snake:1 Snake:2 Snake:3)
  4 merfolk avatars (Shoals:1 Shoals:2 Shoals:4)
  A death knight (D:13)
  2 centaur warriors (D:14 D:15)
  8 anacondas (Snake:1 Snake:2 Snake:3 Snake:4)
  19 two-headed ogres (D:8 D:11 D:12 Orc:2 D:13)
  5 merfolk aquamancers (Shoals:2 Shoals:4)
  2 alligator snapping turtles (Shoals:2 Shoals:4)
  A two-headed ogre (shapeshifter) (D:14)
  An alligator (Snake:1)
  7 satyrs (Shoals:2 Shoals:3 Shoals:4)
  4 orc high priests (Orc:2)
  Urug (Orc:1)
  9 naga sharpshooters (Snake:1 Snake:3)
  7 shock serpents (Snake:1 Snake:2 Snake:3 Snake:4)
  Sonja (Orc:2)
  A hell knight (Volcano)
  An unseen horror (D:14)
  2 salamander mystics (Snake:4 Snake:3)
  14 sea snakes (Shoals:1 Shoals:2 Shoals:3 Shoals:4)
  2 wandering mushrooms (Orc:2 Shoals:2)
  A naga ritualist (Snake:2)
  9 harpies (Shoals:1 Shoals:2)
  Pikel (D:9)
  3 orc knights (Orc:2)
  4 mana vipers (Snake:2 Snake:3 Snake:4)
  15 fauns (Shoals:1 Shoals:2 Shoals:3)
  A wolf spider zombie (D:13)
  4 orc sorcerers (Orc:1 Orc:2)
  5 ugly things (Volcano D:11 D:13)
  17 manticores (D:13 Shoals:1 Shoals:2 Shoals:3 Shoals:4)
  19 cyclopes (D:11 D:12 D:13 D:15 Shoals:1)
  15 merfolk sirens (Lair:2 Shoals:1 Shoals:2 Shoals:3 Shoals:4)
  10 salamanders (Snake:1 Snake:2 Snake:3 Snake:4)
  3 elephants (Lair:4)
  7 guardian serpents (Snake:1 Snake:3 Snake:4)
  29 black mambas (Lair:6 Snake:1 Snake:2 Snake:3 Snake:4)
  3 spiny frogs (Lair:3 Lair:5 Lair:6)
  Joseph (D:10)
  2 molten gargoyles (Volcano)
  3 water nymphs (Shoals:2 Shoals:3 Shoals:4)
  13 naga magi (Snake:1 Snake:2 Snake:3 Snake:4)
  Psyche (D:8)
  A smoke demon (Volcano)
  2 rime drakes (Lair:5 Lair:6)
  3 komodo dragons (Lair:1 Lair:6)
  2 guardian mummies (D:15)
  31 merfolk (Shoals:1 Shoals:2 Shoals:3 Shoals:4)
  A red devil (Volcano)
  5 hornets (Lair:6 D:12 D:13 D:14 D:15)
  6 trolls (Orc:1 Orc:2 D:13 D:14)
  4 wind drakes (Shoals:1 Shoals:2 Shoals:3)
  4 polar bears (Lair:6)
  9 blink frogs (Lair:4 Lair:3 Lair:6)
  9 dream sheep (Lair:6 Shoals:1 Shoals:3)
  9 hippogriffs (D:7 D:10 Lair:1 Lair:4 Lair:5)
  12 yaks (Lair:2 Lair:4 D:11 D:12)
  10 snapping turtles (Shoals:1 Shoals:2 Shoals:3 Shoals:4)
  2 hogs (Lair:5)
  10 spriggans (Lair:6)
  2 fire bats (Volcano)
  A vampire (D:15)
  2 wyverns (Lair:6 D:14)
  16 water elementals (Shoals:2 Shoals:3 Shoals:4)
  A yak (shapeshifter) (D:15)
  2 basilisks (Lair:1 Lair:2)
  2 humans (D:8)
  The ghost of p0werm0de the Chopper, an amateur FoCK of Xom (D:4)
  4 hungry ghosts (D:11 D:12)
  9 vampire mosquitoes (D:14 Snake:1)
  A chaos spawn (D:9)
  A swamp worm (Snake:1)
  7 wargs (D:10 Orc:1 Orc:2)
  46 nagas (Lair:4 Snake:1 Snake:2 Snake:3 Snake:4)
  A soldier ant (D:12)
  An acid dragon (D:14)
  12 water moccasins (Lair:2 Lair:3 Lair:4 Lair:5 Lair:6)
  Duvessa (D:7)
  7 porcupines (Lair:1 Lair:2 Lair:3 Lair:4 Lair:5)
  39 orc warriors (D:9 D:11 Orc:1 Orc:2)
  6 ice beasts (D:7 D:8 D:11 D:13 D:14)
  3 sky beasts (D:11 D:13)
  2 slaves (D:9)
  3 black bears (Lair:6 D:12)
  An eye of draining (shapeshifter) (D:14)
  A phantom (D:11)
  24 wolves (Lair:1 Lair:2 Lair:6 Lair:5)
  5 boggarts (Lair:6)
  28 centaurs (D:5 D:7 D:9 Lair:1 D:12)
  25 ogres (D:6 D:8 D:11 D:12 Orc:1)
  9 crocodiles (Lair:2 Lair:5 Lair:6 D:14 Snake:1)
  15 bullfrogs (D:6 D:7 D:9 Lair:1 Lair:3)
  An elf zombie (D:7)
  2 scorpions (D:10 D:12)
  A water moccasin skeleton (D:11)
  5 killer bees (D:7 D:8 D:12)
  2 troll zombies (D:12)
  2 vampire bats (Lair:4)
  2 wights (D:9)
  2 howler monkeys (D:6 D:7)
  6 lava snakes (Volcano)
  7 crimson imps (D:6 D:9 D:10 D:11 D:12)
  A human zombie (D:7)
  8 jellies (D:7 D:8 D:9 D:11 D:12)
  19 orc wizards (D:10 D:11 D:12 Orc:1 Orc:2)
  6 centaur skeletons (D:9 D:13 D:14 D:15)
  2 hounds (D:11)
  3 bullfrog skeletons (D:7 D:8 D:9)
  33 orc priests (D:7 D:10 D:11 Orc:1 Orc:2)
  A human skeleton (D:7)
  Natasha (thrice) (D:4)
  4 iguanas (D:10 D:12 D:14)
  3 worker ants (D:8)
  4 ogre zombies (D:12)
  A worker ant zombie (D:10)
  2 howler monkey skeletons (D:10 D:11)
  A gnoll (D:4)
  8 adders (D:2 D:10 D:12 Snake:2)
  2 shadow imps (D:8 D:11)
  6 oozes (D:4 D:8)
  2 adder skeletons (D:4 D:5)
  2 leopard geckos (D:6 D:11)
  99 orcs (D:2 D:3 D:6 D:7 D:8)
  3 ball pythons (Snake:2 Snake:4)
  A giant cockroach (D:8)
  2 gnoll zombies (D:8)
  3 goblins (D:2 D:6)
  2 hobgoblins (D:1)
  3 jackals (D:1 D:4 D:5)
  2 kobolds (D:1 D:3)
  8 bats (D:5 D:6 Lair:4)
  4 frilled lizards (D:1 D:2 D:3 D:4)
  3 goblin zombies (D:12)
  A hobgoblin skeleton (D:12)
  2 hobgoblin zombies (D:12)
  2 orc skeletons (D:12)
  10 orc zombies (D:7 D:12)
  5 rats (D:2 D:3)
1001 creatures vanquished.

Vanquished Creatures (collateral kills)
  3 merfolk javelineers (Shoals:4)
  An ettin (Orc:2)
  A merfolk impaler (Shoals:4)
  A rakshasa (D:15)
  A vault guard (D:13)
  4 hydras (Lair:2 Lair:5 Lair:6)
  A wandering mushroom (Shoals:3)
  2 two-headed ogres (D:9 D:11)
  The ghost of salade2fruit the Carver, a novice OpCK of Xom (D:7)
  A shock serpent (Snake:3)
  A sea snake (Shoals:4)
  A manticore (Shoals:4)
  2 merfolk sirens (Shoals:3 Shoals:4)
  2 water nymphs (Shoals:4)
  2 black mambas (Lair:2 Lair:3)
  A spiny frog (Lair:5)
  A centaur skeleton (D:11)
  A komodo dragon (Lair:6)
  7 merfolk (Shoals:4)
  A hornet (Lair:6)
  3 blink frogs (Lair:4)
  4 dream sheep (Lair:5 Lair:6)
  A hippogriff (Shoals:1)
  2 snapping turtles (Shoals:4)
  3 spriggans (Lair:6)
  A wraith (D:7)
  A vampire (D:11)
  3 hogs (Lair:5)
  3 yaks (Lair:2 Lair:4)
  2 hungry ghosts (D:8)
  A chaos spawn (D:9)
  A warg (D:10)
  3 nagas (Lair:4)
  A water moccasin (Lair:4)
  6 orc warriors (D:7 D:8 D:9 Orc:1 Orc:2)
  2 slaves (D:9)
  An ice beast (D:8)
  3 ogres (D:4 D:7 D:9)
  A phantom (D:4)
  2 centaurs (Lair:1 Shoals:4)
  4 wolves (Lair:2 Lair:6)
  2 crocodiles (Lair:5)
  3 bullfrogs (D:7 D:10 D:11)
  Dowan (D:7)
  A troll zombie (D:7)
  7 scorpions (D:4 D:5)
  2 wights (D:7 D:9)
  3 killer bees (D:7)
  A vampire bat (Lair:4)
  2 howler monkeys (D:4)
  2 human zombies (D:7)
  5 orc priests (D:5 D:6 D:8 Orc:2)
  A jelly (D:10)
  4 orc wizards (D:3 D:6 D:7 D:10)
  Crazy Yiuf (D:6)
  An iguana (D:6)
  3 worker ants (D:5 D:6)
  A killer bee zombie (D:8)
  A hound skeleton (D:7)
  3 gnolls (D:4)
  7 adders (D:2 D:3 D:5 D:6)
  2 oozes (D:1 D:3)
  2 worms (D:3 D:4)
  2 dart slugs (D:1 D:4)
  2 leopard geckos (D:1 D:3)
  26 orcs (D:2 D:3 D:5 D:7 D:8)
  5 bats (D:1 D:2 D:3)
  5 giant cockroaches (D:1 D:3 D:4 D:5)
  4 goblins (D:1 D:2)
  4 hobgoblins (D:1 D:2 D:3)
  3 jackals (D:1 D:4 D:5)
  4 quokkas (D:2 D:3)
  2 ball pythons (D:3)
  3 frilled lizards (D:1 D:2 D:3)
  A hobgoblin zombie (D:12)
  8 kobolds (D:1 D:2 D:3)
  An orc zombie (D:12)
  3 rats (D:1 D:2 D:3)
211 creatures vanquished.

Vanquished Creatures (others)
  An oklob plant (Shoals:4)
  2 merfolk aquamancers (Shoals:3 Shoals:4)
  A shock serpent (Snake:3)
  A harpy (Shoals:2)
  An ugly thing (D:13)
  A cyclops (Shoals:1)
  A salamander (Snake:4)
  A troll (Orc:2)
  51 wandering mushrooms (D:7 D:8 D:9 D:10 Lair:2)
  3 necrophages (D:7)
  A centaur (D:15)
  2 orc wizards (Orc:2)
  15 fungi (D:5 Lair:4 Lair:6 Shoals:1)
  23 plants (Lair:5 Shoals:1 Shoals:2 Shoals:3 Shoals:4)
  609 toadstools (D:3 D:5 D:6 D:7 D:8)
713 creatures vanquished.

Grand Total: 1925 creatures vanquished

Notes
Turn   | Place    | Note
-------+----------+-------------------------------------------
     0 | D:1      | stickyfingers the Human Summoner began the quest for the Orb.
     0 | D:1      | Reached XP level 1. HP: 13/13 MP: 3/3
   598 | D:1      | Reached XP level 2. HP: 15/19 MP: 0/5
   743 | D:1      | Learned a level 2 spell: Call Imp
  1075 | D:1      | Reached XP level 3. HP: 24/24 MP: 2/6
  1080 | D:1      | Learned a level 3 spell: Call Canine Familiar
  1530 | D:2      | Reached skill level 5 in Summonings
  2211 | D:2      | Reached XP level 4. HP: 30/30 MP: 7/7
  2379 | D:3      | Found a blossoming altar of Fedhas.
  2379 | D:3      | Found a stormy altar of Qazlal.
  2386 | D:3      | Became a worshipper of Fedhas Madash
  2394 | D:3      | HP: 9/30 [orc/tomahawk (3)]
  2703 | D:3      | Found a runed door.
  2704 | D:3      | Found a glowing golden altar of the Shining One.
  2704 | D:3      | Noticed an angel
  3144 | D:3      | Found a bloodstained altar of Trog.
  3144 | D:3      | Found a snail-covered altar of Cheibriados.
  3150 | D:3      | Found a white marble altar of Elyvilon.
  3152 | D:3      | Found a faded altar of an unknown god.
  3153 | D:3      | Found an iron altar of Okawaru.
  3509 | D:4      | Found a radiant altar of Vehumet.
  3516 | D:4      | Identified a book of Minor Magic
  3527 | D:4      | Learned a level 2 spell: Blink
  3631 | D:4      | Reached skill level 3 in Dodging
  3686 | D:4      | Reached XP level 5. HP: 28/35 MP: 1/9
  3722 | D:4      | Noticed an ogre
  3782 | D:4      | Killed an ogre
  3788 | D:4      | Reached skill level 4 in Dodging
  3810 | D:4      | Reached XP level 6. HP: 41/41 MP: 3/10
  4074 | D:4      | Noticed Natasha
  4113 | D:4      | Noticed p0werm0de's ghost (amateur FoCK)
  4506 | D:5      | Entered Level 5 of the Dungeon
  4506 | D:5      | Noticed a phantom
  4578 | D:4      | Killed a phantom
  4578 | D:4      | Reached skill level 5 in Dodging
  4641 | D:5      | Found a staircase to the Ecumenical Temple.
  4933 | D:5      | HP: 10/41 [centaur (9)]
  4934 | D:5      | HP: 4/41 [centaur (6)]
  4936 | D:5      | Reached skill level 6 in Dodging
  4936 | D:5      | Reached XP level 7. HP: 17/46 MP: 8/11
  5799 | D:5      | Reached skill level 7 in Dodging
  5811 | D:5      | Found a blossoming altar of Fedhas.
  6231 | D:6      | Found a runed door.
  6242 | D:6      | Noticed Crazy Yiuf
  6249 | D:6      | Killed Crazy Yiuf
  6311 | D:6      | Found a sparkling altar of Nemelex Xobeh.
  6400 | D:6      | Reached XP level 8. HP: 44/52 MP: 3/12
  6530 | D:6      | Found a sacrificial altar of Ru.
  6573 | D:6      | Reached skill level 8 in Dodging
  6588 | D:6      | Reached * piety under Fedhas
  6745 | D:6      | Found Uchudgh's General Store.
  6768 | D:6      | Bought a scroll of random uselessness for 14 gold pieces
  6768 | D:6      | Bought a +0 helmet for 63 gold pieces
  6783 | D:6      | Found Kiomaf's Weapon Emporium.
  6854 | D:6      | Found a sparkling altar of Nemelex Xobeh.
  7074 | D:7      | Reached skill level 1 in Short Blades
  7096 | D:7      | Noticed Dowan
  7104 | D:7      | Noticed Duvessa
  7115 | D:7      | Killed Duvessa
  7115 | D:7      | Reached skill level 2 in Short Blades
  7118 | D:7      | Killed Dowan
  7118 | D:7      | Reached skill level 3 in Short Blades
  7266 | D:7      | Noticed a hippogriff
  7283 | D:7      | Killed a hippogriff
  7283 | D:7      | Reached skill level 4 in Short Blades
  7283 | D:7      | Reached XP level 9. HP: 57/57 MP: 11/13
  7346 | D:7      | Reached skill level 5 in Short Blades
  7452 | D:7      | Reached skill level 6 in Short Blades
  7503 | D:7      | Reached skill level 1 in Invocations
  7503 | D:7      | Reached skill level 1 in Evocations
  7624 | D:7      | Noticed salade2fruit's ghost (novice OpCK)
  7650 | D:7      | Killed salade2fruit's ghost
  7650 | D:7      | Reached skill level 3 in Invocations
  7650 | D:7      | Reached skill level 2 in Evocations
  7841 | D:7      | Found a glowing golden altar of the Shining One.
  7854 | D:7      | Reached skill level 3 in Evocations
  8034 | D:7      | Reached skill level 1 in Fighting
  8314 | D:7      | Reached skill level 2 in Fighting
  8352 | D:7      | Reached skill level 3 in Fighting
  8362 | D:7      | Found an ancient bone altar of Kikubaaqudgha.
  8622 | D:8      | Noticed a two-headed ogre
  8638 | D:8      | Killed a two-headed ogre
  8638 | D:8      | Reached skill level 6 in Fighting
  8638 | D:8      | Reached XP level 10. HP: 66/76 MP: 12/14
  9069 | D:8      | Found a basalt altar of Yredelemnul.
  9189 | D:8      | Noticed Psyche
  9200 | D:8      | Reached skill level 7 in Fighting
  9257 | D:8      | Killed Psyche
  9528 | D:8      | Noticed a two-headed ogre
  9662 | D:8      | Found an iron altar of Okawaru.
  9808 | D:8      | Reached skill level 8 in Fighting
  9816 | D:8      | Noticed a two-headed ogre
  9830 | D:8      | Killed a two-headed ogre
  9837 | D:8      | Killed a two-headed ogre
  9837 | D:8      | Reached skill level 9 in Fighting
 10142 | D:9      | Reached skill level 9 in Dodging
 10416 | D:9      | Noticed Pikel
 10432 | D:9      | Killed Pikel
 10432 | D:9      | Reached skill level 4 in Invocations
 10432 | D:9      | Reached XP level 11. HP: 74/89 MP: 15/15
 10533 | D:9      | Noticed a two-headed ogre
 10593 | D:9      | Killed a two-headed ogre
 10593 | D:9      | Reached skill level 5 in Invocations
 10627 | D:9      | Found a burning altar of Makhleb.
 10862 | D:9      | Found the +5 mace of Variability {chaos}
 10879 | D:9      | Found a shimmering altar of Xom.
 11131 | D:10     | Entered Level 10 of the Dungeon
 11464 | D:10     | Noticed Joseph
 11500 | D:10     | Killed Joseph
 11500 | D:10     | Reached skill level 10 in Dodging
 11726 | D:10     | Found a staircase to the Lair.
 11750 | D:10     | Reached skill level 6 in Invocations
 11814 | D:10     | Reached skill level 7 in Short Blades
 12857 | Lair:1   | Entered Level 1 of the Lair of Beasts
 13516 | Lair:1   | Noticed an oklob plant
 13555 | Lair:1   | Reached skill level 3 in Stealth
 13716 | Lair:1   | Found a sacrificial altar of Ru.
 13953 | Lair:2   | Reached skill level 4 in Stealth
 14092 | Lair:2   | Reached ** piety under Fedhas
 14390 | Lair:2   | Reached skill level 8 in Short Blades
 14390 | Lair:2   | Reached skill level 5 in Stealth
 14524 | Lair:2   | Reached skill level 1 in Shields
 14604 | Lair:2   | Reached XP level 12. HP: 80/95 MP: 16/16
 14665 | Lair:2   | Noticed a four-headed hydra
 14687 | Lair:2   | Killed a four-headed hydra
 14687 | Lair:2   | Reached skill level 3 in Shields
 14707 | Lair:2   | Found a staircase to the Shoals.
 15016 | Lair:2   | HP: 28/95 [poisoned by a black mamba]
 15021 | Lair:2   | HP: 25/95 [poisoned by a black mamba]
 15026 | Lair:2   | HP: 24/95 [poisoned by a black mamba]
 15031 | Lair:1   | HP: 23/95 [poisoned by a black mamba]
 15038 | Lair:1   | HP: 23/95 [poisoned by a black mamba]
 15046 | Lair:1   | HP: 23/95 [poisoned by a black mamba]
 15372 | Lair:2   | Got a faintly glowing whip
 15392 | Lair:2   | Identified the +9 whip of Amorality {speed, *Corrode rN++} (You found it on level 2 of the Lair of Beasts)
 15754 | Lair:3   | Reached skill level 6 in Stealth
 16228 | Lair:3   | Reached skill level 4 in Shields
 16676 | Lair:4   | Noticed a four-headed hydra
 16688 | Lair:4   | Killed a four-headed hydra
 16688 | Lair:4   | Reached skill level 7 in Stealth
 16857 | Lair:4   | Found a staircase to the Snake Pit.
 16898 | Lair:4   | Reached skill level 8 in Stealth
 17301 | Lair:4   | Reached skill level 9 in Stealth
 17910 | Lair:4   | HP: 26/95 [blink frog (10)]
 18322 | Lair:4   | Reached skill level 10 in Stealth
 18763 | Lair:5   | Noticed an eight-headed hydra
 18825 | Lair:5   | Identified a book of Misfortune
 18870 | Lair:5   | Identified a book of Power
 18910 | Lair:5   | Found a dark tunnel.
 18950 | Volcano  | Entered a volcano
 19374 | Volcano  | Found a bloodstained altar of Trog.
 19377 | Volcano  | Reached XP level 13. HP: 102/102 MP: 14/17
 19396 | Volcano  | Reached skill level 10 in Fighting
 19396 | Volcano  | Reached skill level 11 in Dodging
 19768 | Lair:5   | Noticed a five-headed hydra
 19780 | Lair:5   | Killed a five-headed hydra
 19807 | Lair:5   | Killed an eight-headed hydra
 20124 | Lair:5   | Noticed a four-headed hydra
 20135 | Lair:5   | Killed a four-headed hydra
 20491 | Lair:6   | Entered Level 6 of the Lair of Beasts
 20493 | Lair:6   | Reached skill level 11 in Fighting
 20556 | Lair:6   | Reached skill level 12 in Dodging
 20811 | D:10     | Learned a level 3 spell: Confuse
 21334 | Lair:6   | Noticed a six-headed hydra
 21352 | Lair:6   | Killed a six-headed hydra
 21541 | Lair:6   | Noticed a catoblepas
 22001 | Lair:6   | Found a runed door.
 22108 | Lair:6   | Noticed an eight-headed hydra
 22122 | Lair:6   | Killed an eight-headed hydra
 22270 | Lair:6   | Reached skill level 12 in Fighting
 22462 | Lair:5   | Reached XP level 14. HP: 104/115 MP: 18/18
 22559 | Lair:6   | Noticed Kirke
 22621 | Lair:6   | HP: 28/115 [harpy[Kirke] (7)]
 22684 | Lair:6   | Killed Kirke
 22684 | Lair:6   | Reached skill level 13 in Dodging
 23454 | Lair:6   | Found a viscous altar of Jiyva.
 23456 | Lair:6   | Found a staircase to the Slime Pits.
 24265 | D:11     | Found a glowing silver altar of Zin.
 24961 | D:12     | Found a staircase to the Orcish Mines.
 25060 | D:12     | Reached skill level 13 in Fighting
 25291 | D:12     | Found a bloodstained altar of Trog.
 25888 | Orc:1    | Reached *** piety under Fedhas
 25888 | Orc:1    | Entered Level 1 of the Orcish Mines
 26127 | Orc:1    | Reached skill level 14 in Dodging
 26201 | Orc:1    | Noticed Urug
 26211 | Orc:1    | HP: 30/118 [Urug/enchanted demon trident (11)]
 26337 | Orc:1    | Killed Urug
 26769 | Orc:2    | Entered Level 2 of the Orcish Mines
 26968 | Orc:1    | Reached **** piety under Fedhas
 27159 | Orc:1    | Reached skill level 1 in Hexes
 27265 | Orc:2    | Noticed Sonja
 27286 | Orc:2    | Killed Sonja
 27311 | Orc:2    | Found Zauxtum's Book Emporium.
 27345 | Orc:2    | Reached skill level 2 in Hexes
 27402 | Orc:2    | Found a roughly hewn altar of Beogh.
 27554 | Orc:2    | Found Ovism's Food Shoppe.
 27557 | Orc:2    | Reached skill level 3 in Hexes
 27568 | Orc:2    | Bought a fruit for 18 gold pieces
 27568 | Orc:2    | Bought 4 fruits for 72 gold pieces
 27624 | Orc:2    | Reached XP level 15. HP: 101/125 MP: 19/19
 27844 | Orc:2    | Reached skill level 4 in Hexes
 28395 | Orc:2    | Got a steaming great sword
 28398 | Orc:2    | Reached ***** piety under Fedhas
 28528 | Orc:2    | Noticed an orc warlord
 28554 | Orc:2    | Killed an orc warlord
 28554 | Orc:2    | Reached skill level 5 in Hexes
 28912 | Orc:2    | Found a roughly hewn altar of Beogh.
 28960 | Orc:2    | Reached skill level 6 in Hexes
 28964 | Orc:2    | Found Luar's Food Shoppe.
 29095 | Orc:2    | Bought 4 fruits for 84 gold pieces
 29114 | Orc:2    | Found Peqan's Jewellery Boutique.
 29517 | Orc:2    | Found a staircase to the Elven Halls.
 29710 | Orc:2    | Identified the +6 great sword "Apenap" {vamp, rN+} (You found it on level 2 of the Orcish Mines)
 30148 | D:13     | Reached skill level 7 in Hexes
 30167 | D:13     | Noticed Nessos
 30201 | D:13     | Killed Nessos
 30483 | D:13     | Reached skill level 8 in Hexes
 30540 | D:13     | Reached skill level 1 in Translocations
 30625 | D:13     | Reached skill level 3 in Spellcasting
 30698 | D:13     | Reached skill level 2 in Translocations
 30748 | D:13     | HP: 36/125 [vault guard/bardiche (21)]
 30864 | D:13     | Found a gate to the Vaults.
 30885 | D:13     | Reached skill level 3 in Translocations
 30949 | D:13     | Reached skill level 4 in Evocations
 31413 | D:14     | Reached skill level 4 in Translocations
 31527 | D:14     | Reached skill level 4 in Spellcasting
 31791 | D:14     | Reached skill level 5 in Evocations
 31841 | D:14     | Reached skill level 5 in Translocations
 31901 | D:14     | Reached XP level 16. HP: 106/132 MP: 17/22
 32031 | D:14     | Reached skill level 6 in Translocations
 32094 | D:14     | Reached skill level 7 in Invocations
 32456 | D:15     | Entered Level 15 of the Dungeon
 32550 | D:15     | Found a portal to a secret trove of treasure.
 32551 | D:15     | +5 demon trident?
 32551 | D:15     | what a coincidence!
 32615 | D:15     | Found a staircase to the Depths.
 32616 | D:15     | Noticed a fire giant
 33184 | D:15     | You paid a toll of a +5 demon trident to enter a treasure trove
 33185 | Trove    | Entered a treasure trove
 33203 | Trove    | Got a wavering sapphire amulet
 33205 | Trove    | Got a shimmering graven amulet
 33227 | Trove    | Found the +2 Maxwell's thermic engine {flame, freeze, rF- rC-}
 33299 | D:15     | Identified the amulet "Buwyraibb" {Spirit Str+6} (You found it in a treasure trove)
 33301 | D:15     | Identified the amulet of the Gloaming {+Rage +Inv SInv} (You found it in a treasure trove)
 33544 | D:15     | Reached skill level 1 in Armour
 33661 | D:15     | Killed a fire giant
 33661 | D:15     | Reached skill level 2 in Armour
 33771 | D:15     | Found a white marble altar of Elyvilon.
 33893 | D:15     | Reached skill level 3 in Armour
 33906 | D:15     | Reached skill level 4 in Armour
 34090 | D:15     | Reached skill level 5 in Armour
 34982 | D:4      | Killed Natasha
 35131 | D:3      | Reached skill level 6 in Armour
 35162 | D:4      | Noticed Natasha
 35173 | D:4      | Killed Natasha
 35194 | D:4      | Killed p0werm0de's ghost
 35208 | D:4      | Noticed Natasha
 35217 | D:4      | Killed Natasha
 35486 | Orc:2    | Bought an uncursed ring of poison resistance for 260 gold pieces
 35732 | Shoals:1 | Entered Level 1 of the Shoals
 35901 | Shoals:1 | Reached skill level 7 in Armour
 36013 | Shoals:1 | Reached skill level 8 in Armour
 36416 | Shoals:1 | Reached skill level 9 in Armour
 36492 | Shoals:1 | HP: 29/132 [merfolk impaler/demon trident of flaming (11)]
 36505 | Shoals:1 | HP: 39/132 [poisoned by a sea snake]
 37096 | Shoals:1 | Reached XP level 17. HP: 134/138 MP: 16/23
 37402 | Shoals:2 | Reached skill level 14 in Fighting
 37631 | Shoals:2 | HP: 35/139 [merfolk/trident (11)]
 38527 | Shoals:2 | Reached skill level 15 in Dodging
 39600 | Shoals:3 | Identified a book of the Sky
 39767 | Shoals:3 | Reached skill level 15 in Fighting
 40291 | Shoals:4 | Entered Level 4 of the Shoals
 40291 | Shoals:4 | Noticed Ilsuiw
 40293 | Shoals:4 | Noticed Mara
 40322 | Shoals:4 | Killed Mara
 40705 | Shoals:4 | Killed Ilsuiw
 40745 | Shoals:4 | Reached XP level 18. HP: 128/149 MP: 21/24
 40952 | Shoals:4 | Noticed Torious's ghost (adept DECj)
 40958 | Shoals:4 | Reached skill level 16 in Dodging
 40963 | Shoals:4 | Noticed Louise
 40974 | Shoals:4 | Killed Torious's ghost
 41173 | Shoals:4 | Killed Louise
 41469 | Shoals:4 | Identified a book of Battle
 41475 | Shoals:4 | Learned a level 2 spell: Shroud of Golubria
 41479 | Shoals:4 | Learned a level 3 spell: Spectral Weapon
 41483 | Shoals:4 | Learned a level 3 spell: Regeneration
 41486 | Shoals:4 | Learned a level 2 spell: Song of Slaying
 42287 | Shoals:4 | Reached skill level 16 in Fighting
 42606 | Shoals:4 | Identified a book of Conjurations
 42776 | Shoals:4 | Got a barnacled rune of Zot
 42783 | Shoals:4 | Reached skill level 10 in Armour
 43378 | Snake:1  | Entered Level 1 of the Snake Pit
 43519 | Snake:1  | Reached skill level 1 in Charms
 43519 | Snake:1  | Reached skill level 1 in Necromancy
 43775 | Snake:1  | Reached skill level 2 in Charms
 43775 | Snake:1  | Reached skill level 2 in Necromancy
 44073 | Snake:1  | Found a shattered altar of Ashenzari.
 44122 | Snake:1  | Reached skill level 11 in Armour
 44367 | Snake:1  | Reached skill level 3 in Charms
 44367 | Snake:1  | Reached skill level 3 in Necromancy
 45071 | Snake:2  | HP: 44/151 [black mamba (6)]
 45079 | Snake:1  | HP: 33/151 [poisoned by a naga mage (splash of poison)]
 45084 | Snake:1  | HP: 33/151 [poisoned by a naga mage (splash of poison)]
 45090 | Snake:1  | HP: 33/151 [poisoned by a naga mage (splash of poison)]
 45097 | Snake:1  | HP: 32/151 [poisoned by a naga mage (splash of poison)]
 45104 | Snake:1  | HP: 33/151 [poisoned by a naga mage (splash of poison)]
 45112 | Snake:1  | HP: 33/151 [poisoned by a naga mage (splash of poison)]
 45395 | Snake:2  | Found a burning altar of Makhleb.
 45450 | Snake:2  | Reached skill level 4 in Charms
 45450 | Snake:2  | Reached skill level 4 in Necromancy
 45633 | Snake:2  | Found a runed gate.
 45633 | Snake:2  | Found a runed gate.
 45633 | Snake:2  | Found a runed gate.
 45638 | Snake:2  | Reached skill level 12 in Armour
 46000 | Snake:2  | Reached XP level 19. HP: 157/157 MP: 22/25
 46016 | Snake:2  | Reached skill level 13 in Armour
 46397 | Snake:2  | Reached skill level 14 in Armour
 47459 | Snake:3  | Reached skill level 15 in Armour
 47466 | Snake:3  | Noticed Vashnia
 47625 | Snake:3  | Killed Vashnia
 47758 | Snake:3  | You have finished your manual of Armour and toss it away.
 47938 | Snake:3  | HP: 47/157 [poisoned by a guardian serpent (bolt of poison)]
 47943 | Snake:3  | HP: 47/157 [poisoned by a guardian serpent (bolt of poison)]
 47948 | Snake:3  | HP: 45/157 [poisoned by a guardian serpent (bolt of poison)]
 47955 | Snake:3  | HP: 45/157 [poisoned by a guardian serpent (bolt of poison)]
 48019 | Snake:3  | Noticed Agnes
 48049 | Snake:3  | Killed Agnes
 48063 | Snake:3  | HP: 47/157 [naga mage/whip (3)]
 48070 | Snake:3  | HP: 46/157 [poisoned by a naga mage (poison arrow)]
 48080 | Snake:3  | HP: 46/157 [poisoned by a naga mage (poison arrow)]
 48621 | Snake:3  | Reached skill level 5 in Charms
 48621 | Snake:3  | Reached skill level 5 in Necromancy
 48661 | Snake:3  | Reached ****** piety under Fedhas
 48839 | Snake:4  | Entered Level 4 of the Snake Pit
 49300 | Snake:4  | Got a crystal hand crossbow
 49332 | Snake:4  | Reached skill level 6 in Charms
 49332 | Snake:4  | Reached skill level 6 in Necromancy
 49411 | Snake:4  | HP: 42/157 [naga warrior/long sword (16)]
 49416 | Snake:4  | HP: 34/157 [poisoned by a guardian serpent (bolt of poison)]
 49421 | Snake:4  | HP: 34/157 [poisoned by a guardian serpent (bolt of poison)]
 49425 | Snake:4  | HP: 5/157 [naga warrior/long sword (26)]
 49425 | Snake:4  | Slain by a naga warrior

Vault maps used:
D:1:      shiori_arrival_oz
D:2:      minmay_randomly_rotated_circles
D:3:      grunt_temple_overflow_forces_of_nature,
          chequers_temple_overflow_minitemple, lemuel_angel_altar
D:4:      fiery_altar_vehumet, first_bread, serial_curves, eino_curves_04,
          eino_curves_01, uniq_natasha
D:5:      old_forge, minmay_temple_entry_large_hall, fedhas_altar_4
D:6:      nicolae_ru_path_of_blood, marbit_many_paths, serial_shops, shop,
          nicolae_shop_stone, nemelex_spade_bored_becter,
          uniq_crazy_yiuf_cottage
D:7:      lemuel_mausoleum_altar_kikubaaqudgha, kennysheep_little_box,
          uniq_duvessa
D:8:      lemuel_zombie_altar_yredelemnul, hangedman_little_slice_of_home,
          st_stairs_10, okawaru_humans, uniq_psyche
D:9:      makhleb_grotto_becter, minmay_guarded_unrand_variability, uniq_pikel
D:10:     erik_lair_orcish_takeover, uniq_joseph
D:11:     basic_altar, kennysheep_small_square
D:12:     zombieorc1_lemuel, basic_altar
D:13:     erik_vaults_2, uniq_nessos
D:14:     minivault_26
D:15:     grunt_enter_depths_giant_problem, nicolae_trove_entry_path_of_doom,
          lemuel_crystal_altar
Lair:1:   minmay_lair_oklob_bushes, minivault_24, lemuel_centaur_altar
Lair:2:   elwin_shoals_entry_rooms, columned_hall_lemuel,
          minmay_lair_oklob_chamber
Lair:3:   grunt_megastairs_4
Lair:4:   minmay_snake_entry_guardpost_medium, roderic_batcave
Lair:5:   lightli_volcano_entry_magma_tube, st_stairs_9,
          nicolae_quartered_pool_super, minivault_26, grunt_megastairs_5
Lair:6:   minmay_lair_end_enchanted_forest, slime_altar_2, uniq_kirke
Shoals:1: st_cyclops
Shoals:4: shoals_end_simple, shoal_ilsuiw, uniq_mara, uniq_louise
Snake:1:  onia_ninara_swampy_vault, basic_altar
Snake:2:  basic_altar, nicolae_snake_horde_hoard
Snake:3:  grunt_ministairs_15, uniq_vashnia, uniq_agnes
Snake:4:  snake_pit, st_stairs_10, hangedman_snake_pattern, stair_cage_cross,
          hangedman_snake_corridor_cut
Orc:1:    uniq_urug
Orc:2:    pubby_orc_utopia, uniq_sonja
Trove:    trove_garden
Volcano:  volcano_lake

Skill      XL: |  1  2  3  4  5  6  7  8  9 10 11 12 13 14 15 16 17 18 19 |
---------------+----------------------------------------------------------+-----
Summonings     | 5 |  5.0
Dodging        | 3 4 6 7 8 9 10 12 14 15 16 | 16.6
Short Blades   | 4 6 8 |  8.0
Invocations    | 3 4 6 7 |  7.3
Evocations     | 3 5 |  5.0
Fighting       | 6 9 12 13 15 16 | 16.2
Stealth        | 5 10 | 10.0
Shields        | 1 4 |  4.0
Hexes          | 3 8 |  8.0
Translocations | 5 6 |  6.0
Spellcasting   | 4 |  4.4
Armour         | 9 12 15 | 15.9
Charms         | 4 6 |  6.0
Necromancy     | 4 6 |  6.0

Action                   |  1- 3 |  4- 6 |  7- 9 | 10-12 | 13-15 | 16-18 | 19-21 || total
-------------------------+-------+-------+-------+-------+-------+-------+-------++-------
Melee: Unarmed           |     9 |       |       |       |       |       |       ||     9
       Whip              |    22 |       |       |       |       |       |       ||    22
       Short sword       |    26 |    86 |    12 |       |       |       |       ||   124
       Flail             |       |       |    54 |     7 |       |       |       ||    61
       Eveningstar       |       |       |     9 |       |       |       |       ||     9
       Dagger            |       |       |   176 |   806 |   451 |       |       ||  1433
       Dire flail        |       |       |       |    16 |       |       |       ||    16
       Quick blade       |       |       |       |   466 |  2384 |  2361 |  1157 ||  6368
 Fire: Hunting sling     |       |       |       |     2 |    28 |       |       ||    30
       Blowgun           |       |       |       |       |       |    44 |     3 ||    47
Throw: Stone             |     4 |    10 |     5 |    50 |    72 |    29 |     6 ||   176
       Tomahawk          |       |     7 |       |       |       |       |       ||     7
 Cast: Summon Small Mamm |    32 |     1 |     1 |       |       |       |       ||    34
       Call Imp          |     9 |    41 |    21 |       |     1 |       |       ||    72
       Call Canine Famil |       |     8 |    10 |       |       |       |       ||    18
       Confuse           |       |       |       |       |    37 |   109 |    36 ||   182
       Blink             |       |       |       |       |       |     8 |    14 ||    22
       Regeneration      |       |       |       |       |       |     8 |    24 ||    32
       Spectral Weapon   |       |       |       |       |       |       |     3 ||     3
       Shroud of Golubri |       |       |       |       |       |       |     1 ||     1
Invok: Fungal Bloom      |       |     3 |    18 |    34 |    37 |    53 |     6 ||   151
       Evolution         |       |       |     4 |    17 |    18 |    18 |       ||    57
       Sunlight          |       |       |       |       |       |     4 |       ||     4
 Abil: Evoke Invisibilit |       |       |     2 |     4 |    11 |    14 |     1 ||    32
       Evoke Flight      |       |       |       |       |     2 |    14 |       ||    16
Evoke: Wand              |       |       |       |       |     3 |     1 |     2 ||     6
  Use: Scroll            |       |     6 |     9 |    13 |    12 |    15 |     1 ||    56
       Potion            |       |     1 |       |       |       |     1 |       ||     2
 Stab: Sleeping          |     6 |     1 |     1 |    19 |    46 |    26 |     4 ||   103
       Distracted        |       |       |     2 |       |     7 |     8 |     2 ||    19
       Held in net/web   |       |       |     1 |       |       |       |       ||     1
       Invisible         |       |       |     3 |     4 |    35 |   100 |    28 ||   170
       Confused          |       |       |     1 |    13 |    48 |    86 |    16 ||   164
       Paralysed         |       |       |       |       |     1 |       |       ||     1
  Eat: Chunk             |     5 |    10 |     2 |       |       |    27 |     7 ||    51
       Meat ration       |       |       |     2 |       |     2 |     4 |     1 ||     9
       Royal jelly       |       |       |     2 |    13 |     1 |     1 |       ||    17
       Bread ration      |       |       |       |     3 |     9 |     3 |     1 ||    16
Armor: Robe              |    16 |    19 |     3 |       |       |       |       ||    38
       Leather armour    |       |       |    31 |       |       |       |       ||    31
       Ring mail         |       |       |    26 |   248 |   347 |   278 |   140 ||  1039
Dodge: Dodged            |    56 |    80 |   189 |   551 |   984 |   983 |   550 ||  3393
Block: Buckler           |       |       |       |    59 |   335 |   296 |   188 ||   878

Table legend:
 A = Spawn XP
 B = Non-spawn XP
 C = Spawn XP percentage of total XP
 D = Spawn monster count
 E = Non-spawn monster count
 F = Spawn count percentage of total count
 G = Total turns spent on level
                    A         B        C        D         E        F      G
               +---------+---------+-------+---------+---------+-------+---------
         Total |       0 |  323318 |   0.0 |       0 |    1211 |   0.0 | 49425
               +---------+---------+-------+---------+---------+-------+---------
           D:1 |       0 |      33 |   0.0 |       0 |      20 |   0.0 |  1561
           D:2 |       0 |      41 |   0.0 |       0 |      22 |   0.0 |  1151
           D:3 |       0 |    1524 |   0.0 |       0 |      28 |   0.0 |  1058
           D:4 |       0 |     509 |   0.0 |       0 |      21 |   0.0 |  1259
           D:5 |       0 |     492 |   0.0 |       0 |      22 |   0.0 |  1460
           D:6 |       0 |     581 |   0.0 |       0 |      18 |   0.0 |  1160
           D:7 |       0 |    2162 |   0.0 |       0 |      35 |   0.0 |  1265
           D:8 |       0 |    3651 |   0.0 |       0 |      36 |   0.0 |  1629
           D:9 |       0 |    2602 |   0.0 |       0 |      19 |   0.0 |  1470
          D:10 |       0 |    1585 |   0.0 |       0 |      27 |   0.0 |  1998
          D:11 |       0 |    6686 |   0.0 |       0 |      49 |   0.0 |  1235
          D:12 |       0 |    5139 |   0.0 |       0 |      60 |   0.0 |  1519
          D:13 |       0 |   16368 |   0.0 |       0 |      37 |   0.0 |  1388
          D:14 |       0 |   14160 |   0.0 |       0 |      38 |   0.0 |  1136
          D:15 |       0 |   13092 |   0.0 |       0 |      23 |   0.0 |  1386
        Lair:1 |       0 |    2412 |   0.0 |       0 |      17 |   0.0 |  2077
        Lair:2 |       0 |    3696 |   0.0 |       0 |      18 |   0.0 |  2082
        Lair:3 |       0 |    1475 |   0.0 |       0 |       6 |   0.0 |  1523
        Lair:4 |       0 |    6605 |   0.0 |       0 |      39 |   0.0 |  1722
        Lair:5 |       0 |    5496 |   0.0 |       0 |      25 |   0.0 |  1862
        Lair:6 |       0 |   13643 |   0.0 |       0 |      63 |   0.0 |  2043
      Shoals:1 |       0 |   24366 |   0.0 |       0 |      48 |   0.0 |  1697
      Shoals:2 |       0 |   20840 |   0.0 |       0 |      43 |   0.0 |  1401
      Shoals:3 |       0 |   13308 |   0.0 |       0 |      36 |   0.0 |  1776
      Shoals:4 |       0 |   47361 |   0.0 |       0 |      82 |   0.0 |  1924
       Snake:1 |       0 |   18344 |   0.0 |       0 |      41 |   0.0 |  1733
       Snake:2 |       0 |   25329 |   0.0 |       0 |      49 |   0.0 |  1281
       Snake:3 |       0 |   35828 |   0.0 |       0 |      60 |   0.0 |  2324
       Snake:4 |       0 |    8529 |   0.0 |       0 |      21 |   0.0 |   354
         Orc:1 |       0 |    3996 |   0.0 |       0 |      53 |   0.0 |  1223
         Orc:2 |       0 |   18711 |   0.0 |       0 |     139 |   0.0 |  2894
       Volcano |       0 |    4754 |   0.0 |       0 |      16 |   0.0 |   726
               +---------+---------+-------+---------+---------+-------+---------
